Map: Shrines of Lizul

Players

DrParallax

  • Race: Terran Terran
  • Spawn Location: 6:00

Abrigant

  • Race: Zerg Zerg
  • Spawn Location: 9:00

MonstroTown - Winner!

  • Race: Terran Terran
  • Spawn Location: 3:00

Michael - Winner!

  • Race: Zerg Zerg
  • League: Gold
  • Spawn Location: 12:00

VOD

Have the link to the VOD?

Description

Time

  • Played on: Oct. 6, 2018, 5:51 p.m.
  • Length: 11:18
Show
View Real Time Build Order
Export as new Build Order

DrParallax Terran 

Build Orders:  

Get SALT Encoding   

  12  0:01  SCV  
  13  0:14  SCV  
  14  0:19  Supply Depot  
  14  0:26  SCV  
  15  0:41  SCV  
  16  0:43  Barracks  
  16  0:48  Refinery  
  16  0:56  SCV  
  17  1:09  SCV  
  18  1:12  Barracks  
  18  1:21  SCV  
  19  1:31  Supply Depot  
  19  1:33  SCV  
  19  1:35  Barracks Reactor  
  20  1:45  Orbital Command  
  20  1:52  Refinery  
  20  1:59  Barracks Tech Lab  
  20  2:12  Marine  
  20  2:13  Marine  
  22  2:19  Factory  
  22  2:26  Marauder  
  24  2:30  Marine x2  
  26  2:47  Marauder  
  26  2:48  Marine x2  
  28  3:06  Marine x2  
  28  3:08  Stimpack  
  28  3:09  Marauder  
  28  3:24  Marine x2  
  30  3:39  Supply Depot  
  30  3:41  Marauder  
  32  3:42  Marine x2  
  34  3:54  Bunker  
  34  3:59  Marine  
  34  4:02  Marine  
  27  4:04  Marauder  
  29  4:11  Bunker  
  28  4:17  Marine  
  24  4:29  Marine  
  24  4:30  Marauder  
  23  4:35  Marine  
  23  4:47  Marine  
  23  4:51  Marauder  
  26  4:56  Bunker  
  26  5:10  Hellion  
  26  5:12  Marine  
  26  5:13  Marauder  
  31  5:19  SCV  
  32  5:32  Hellion  
  32  5:34  Bunker  
  34  5:40  SCV  
  35  6:08  Barracks  
  35  6:10  Marauder, Marine x2  
  39  6:14  Hellion  
  41  6:21  SCV  
  42  6:28  Marine x2  
  44  6:33  SCV  
  45  6:45  SCV  
  42  6:48  Marauder, Marine x2  
  42  6:53  Starport  
  46  7:04  Engineering Bay  
  46  7:06  Marine  
  47  7:32  SCV, Supply Depot  
  47  7:34  Medivac  
  50  7:53  Command Center  
  50  7:59  SCV  
  50  8:01  Marine  
  52  8:20  Medivac  
  52  8:22  Marine x2  
  56  8:32  Missile Turret  
  56  8:41  Missile Turret  
  56  8:54  Missile Turret  
  56  9:08  Medivac  
  48  9:40  SCV  
  49  9:52  SCV  
  50  10:04  SCV  
  50  10:06  Marine  
  52  10:07  Marine  
  52  10:08  Marauder  
  53  10:17  SCV  
  48  10:24  Marine  
Show
View Real Time Build Order
Export as new Build Order

Abrigant Zerg 

Build Orders: Pool First 

Get SALT Encoding   

  12  0:02  Drone  
  13  0:17  Drone  
  14  0:27  Spawning Pool  
  13  0:32  Drone  
  14  0:52  Overlord  
  14  0:55  Extractor  
  13  1:10  Drone x3  
  16  1:22  Zergling x2  
  17  1:34  Zergling x2  
  18  1:46  Queen, Zergling x2  
  21  2:00  Hatchery  
  21  2:08  Zergling x4  
  21  2:21  Overlord  
  20  2:39  Metabolic Boost  
  20  2:41  Zergling x4  
  19  2:58  Zergling x4  
  21  3:16  Zergling x6  
  20  3:29  Zergling x2  
  20  3:31  Zergling x2  
  20  3:32  Zergling x4  
  24  3:41  Spine Crawler  
  24  3:46  Spine Crawler  
  22  3:56  Overlord  
  22  3:57  Overlord  
  18  4:14  Zergling x8  
  21  4:29  Zergling x2  
  20  4:42  Zergling x2  
  21  4:58  Zergling x4  
  23  5:25  Hatchery, Drone x4  
  26  5:48  Zergling x4  
  26  5:49  Zergling x4  
  30  6:03  Lair  
  30  6:09  Extractor  
  29  6:28  Hatchery  
  29  6:40  Drone x6  
  34  6:55  Baneling Nest  
  33  7:07  Drone x2  
  33  7:08  Drone  
  36  7:12  Overlord  
  36  7:22  Queen  
  38  7:28  Overlord  
  38  7:44  Spire  
  37  7:46  Baneling x3  
  37  7:48  Baneling  
  37  7:49  Baneling  
  37  7:54  Drone  
  37  7:55  Drone  
  39  8:10  Queen  
  41  8:25  Drone x4  
  41  8:26  Drone  
  41  8:27  Drone x2  
  48  8:30  Overlord  
  48  9:08  Mutalisk x3  
  48  9:09  Mutalisk x3  
  60  9:12  Drone  
  60  9:13  Drone x6  
  66  9:45  Mutalisk  
  66  9:46  Mutalisk  
  66  9:50  Extractor  
  69  9:53  Extractor  
  68  10:05  Mutalisk  
  59  10:28  Mutalisk  
  59  10:29  Mutalisk  
  55  10:45  Zergling x4  
  55  10:46  Zergling x36  
Show
View Real Time Build Order
Export as new Build Order

MonstroTown Terran - Winner!

Build Orders: MMM Bio 

Get SALT Encoding   

  12  0:01  SCV  
  13  0:13  SCV  
  14  0:18  Supply Depot  
  14  0:25  SCV  
  15  0:39  SCV  
  16  0:44  Barracks  
  16  0:51  SCV  
  16  0:56  Barracks  
  17  1:03  SCV  
  18  1:11  Supply Depot  
  18  1:16  SCV  
  19  1:27  Barracks  
  19  1:28  SCV  
  20  1:33  Marine  
  21  1:42  Barracks  
  21  1:45  Marine  
  22  1:59  Marine  
  23  2:02  Orbital Command  
  23  2:04  Marine  
  24  2:13  Marine  
  25  2:19  Marine  
  25  2:21  Marine  
  27  2:24  Supply Depot  
  27  2:30  Marine  
  27  2:31  Marine  
  27  2:37  Marine  
  29  2:39  Marine  
  30  2:47  Marine  
  31  2:57  Marine x3  
  34  3:05  Marine  
  28  3:15  Marine x3  
  31  3:23  Marine  
  32  3:33  Marine x3  
  35  3:41  Marine  
  34  3:50  Command Center  
  34  3:51  Marine x3  
  35  3:59  Marine  
  36  4:08  Marine  
  36  4:09  Marine x2  
  38  4:22  Marine  
  39  4:26  Marine x2  
  39  4:27  Marine  
  30  4:40  Marine  
  30  4:42  Barracks x2  
  30  4:44  Marine, Barracks  
  32  4:55  Supply Depot, Marine x2  
  32  4:57  Bunker  
  34  5:05  Refinery, Marine  
  35  5:15  Orbital Command  
  35  5:23  Refinery  
  35  5:33  Marine  
  36  5:39  SCV  
  36  5:42  SCV  
  38  5:49  Barracks Tech Lab  
  38  5:51  SCV  
  38  5:54  SCV  
  38  5:56  Refinery  
  40  6:03  SCV  
  41  6:06  SCV  
  41  6:11  Factory  
  42  6:16  SCV  
  43  6:19  Marine x2  
  43  6:20  Marine x2  
  43  6:23  Stimpack  
  47  6:27  Marine  
  48  6:46  Barracks Reactor  
  48  6:47  Barracks Tech Lab  
  48  6:56  Factory Tech Lab  
  48  6:58  Engineering Bay  
  48  6:59  Marine x4  
  48  7:00  Engineering Bay, Marine  
  53  7:08  Combat Shields, Supply Depot x2  
  53  7:10  Marine  
  54  7:18  Barracks Reactor  
  54  7:19  Siege Tank  
  57  7:25  Starport  
  57  7:29  Marine x2  
  58  7:33  SCV  
  60  7:46  SCV x2  
  62  7:58  Terran Infantry Weapons Level 1  
  62  7:59  Terran Infantry Armor Level 1  
  62  8:03  Medivac  
  64  8:11  Marine  
  64  8:12  Marine x3  
  68  8:14  Missile Turret  
  68  8:21  Marine  
  68  8:22  Marine x2  
  68  8:23  Missile Turret  
  68  8:24  SCV  
  73  8:27  SCV  
  73  8:32  Marine x2  
  73  8:33  Marine  
  76  8:34  Concussive Shells  
  76  8:48  Marine x2  
  76  8:53  Medivac, Marine x4  
  75  9:31  Marine x4  
  75  9:32  SCV x2  
  75  9:36  Siege Tank  
  83  9:40  Medivac  
  83  9:42  Barracks Reactor x3  
  83  9:43  Marauder  
  83  9:44  SCV, Marauder  
  90  9:52  Armory  
  90  9:53  Marine x4  
  94  10:00  Supply Depot  
  94  10:21  Medivac  
  94  10:24  Supply Depot  
  94  10:25  Supply Depot  
  94  10:26  Supply Depot  
Show
View Real Time Build Order
Export as new Build Order

Michael Zerg - Winner!

Build Orders: Pool First, Swarm Host 

Get SALT Encoding   

  12  0:01  Drone  
  13  0:13  Overlord  
  13  0:18  Drone  
  14  0:31  Drone x2  
  14  0:35  Drone  
  17  0:38  Extractor  
  16  0:45  Drone  
  17  0:52  Spawning Pool  
  17  0:56  Drone  
  17  1:14  Drone  
  18  1:31  Hatchery  
  17  1:39  Queen  
  19  1:43  Metabolic Boost  
  19  1:47  Zergling x2  
  19  1:51  Zergling x2  
  21  1:59  Spine Crawler  
  20  2:03  Zergling x2  
  20  2:07  Zergling x2  
  22  2:17  Overlord  
  22  2:35  Queen  
  22  2:45  Zergling x8  
  25  2:53  Zergling x2  
  25  2:54  Zergling x2  
  27  3:03  Zergling x4  
  28  3:11  Zergling x4  
  29  3:27  Drone  
  29  3:28  Drone x3  
  33  3:43  Queen  
  33  4:02  Drone x3  
  32  4:23  Drone x6  
  35  4:37  Zergling x2  
  36  4:38  Overlord x2  
  36  4:53  Extractor, Roach Warren  
  36  4:54  Hatchery  
  36  4:57  Drone  
  36  4:58  Drone  
  36  4:59  Evolution Chamber  
  34  5:01  Drone  
  34  5:18  Zergling x6  
  34  5:19  Zergling x8  
  41  5:26  Zerg Ground Armor Level 1  
  41  5:30  Lair  
  41  5:51  Drone x9  
  41  5:55  Extractor  
  41  5:56  Extractor  
  48  5:58  Spore Crawler  
  47  6:11  Drone, Spore Crawler  
  47  6:14  Drone x4  
  51  6:19  Queen  
  51  6:23  Drone  
  51  6:24  Drone x2  
  56  6:28  Drone  
  56  6:29  Drone  
  58  6:45  Overlord x4  
  58  6:46  Overlord  
  58  6:52  Burrow  
  58  7:15  Roach x9  
  76  7:30  Drone x2  
  76  7:31  Drone x2  
  76  7:34  Spore Crawler  
  76  7:35  Extractor, Spore Crawler  
  77  7:37  Extractor, Drone x3  
  77  7:41  Zerg Missile Weapons Level 1  
  79  7:55  Hydralisk Den  
  79  7:57  Glial Reconstitution, Infestation Pit  
  77  8:06  Spore Crawler  
  77  8:07  Spore Crawler  
  77  8:08  Spine Crawler x2  
  73  8:13  Drone x2  
  73  8:14  Drone  
  76  8:39  Drone x3  
  79  8:42  Drone x3  
  82  8:51  Hive  
  82  8:54  Muscular Augments  
  82  9:07  Swarm Host x3  
  82  9:08  Swarm Host  
  94  9:14  Overlord  
  94  9:15  Overlord x8  
  94  9:16  Overlord  
  93  9:34  Drone x3  
  96  9:47  Hydralisk x9  
  96  9:49  Hydralisk  
  116  10:04  Hatchery  
  116  10:06  Grooved Spines  
  115  10:12  Swarm Host  
  115  10:13  Swarm Host x2  
  125  10:41  Hydralisk x8  
  136  10:57  Roach x4  
Tags
 
Add a new tag
Caveats
  • Supply blocks, unpowered buildings, or Contaminate may cause inaccurate times.
  • Supply counts are checked every 10 seconds.